 Dungeon Crawl Stone Soup version 0.26-a0-255-gd5f3108e62 (webtiles) character file.

Game seed: 8203162883336844715

3323 gruber the Destroyer (level 10, -11/56 HPs)
             Began as an Octopode Conjurer on July 9, 2020.
             Was an Initiate of Vehumet.
             Mangled by a two-headed ogre (15 damage)
             ... on level 8 of the Dungeon.
             The game lasted 00:17:38 (12145 turns).

gruber the Destroyer (Octopode Conjurer)           Turns: 12145, Time: 00:17:38

Health: -11/56     AC:  1    Str:  6    XL:     10   Next: 2%
Magic:  1/22       EV: 17    Int: 24    God:    Vehumet [......]
Gold:   549        SH:  0    Dex: 11    Spells: 15/25 levels left

rFire    . . .     SeeInvis .   z - +3 dagger (venom)
rCold    . . .     Faith    .   (no shield)
rNeg     + + .     Spirit   .   (helmet restricted)
rPois    .         Reflect  .   m - macabre finger necklace {rN+}
rElec    .         Harm     .   h - ring of stealth
rCorr    .                      k - ring of wizardry
MR       .....                  x - ring of positive energy
Stlth    ++++......             F - +4 ring of evasion
HPRegen  0.18/turn              (no ring)
MPRegen  0.18/turn              (no ring)
                                (no ring)
                                (no ring)
                                (no ring)

@: no status effects
A: almost no armour, stealthy swim, amphibious, 8 rings, constrict 8, camouflage
1, gelatinous body 1
a: Renounce Religion


You were on level 8 of the Dungeon.
You worshipped Vehumet.
Vehumet was noncommittal.
You were not hungry.

You visited 2 branches of the dungeon, and saw 10 of its levels.
You also visited: Sewer.

You collected 549 gold pieces.

Inventory:

Hand Weapons
 z - a +3 dagger of venom (weapon)
Missiles
 l - 289 stones (quivered)
 r - 4 javelins
Magical Staves
 C - an uncursed staff of death
Jewellery
 h - a ring of stealth (left tentacle)
 k - a ring of wizardry (right tentacle)
 m - the macabre finger necklace (around mantle) {rN+}
   (You found it on level 6 of the Dungeon)

   [amulet of nothing]

   It protects you from negative energy.
 x - a ring of positive energy (on tentacle)
 F - a +4 ring of evasion (on tentacle)
Wands
 n - a wand of disintegration (10)
 B - a wand of digging (4)
 E - a wand of flame (21)
Scrolls
 c - 3 scrolls of fog
 e - 2 scrolls of magic mapping
 f - 11 scrolls of identify
 j - a scroll of noise {unknown}
 o - 5 scrolls of teleportation
 p - a scroll of enchant weapon
 q - 2 scrolls of enchant armour {unknown}
 y - a scroll of random uselessness {unknown}
 A - a scroll of remove curse
 D - 2 scrolls of fear {unknown}
Potions
 a - a potion of mutation
 d - 5 potions of curing {unknown}
 g - 2 potions of haste {unknown}
 i - a potion of lignification {unknown}
 s - 5 potions of degeneration {unknown}
 t - 2 potions of berserk rage {unknown}
 u - 9 potions of heal wounds {unknown}
 v - 2 potions of might {unknown}
 w - 7 potions of stabbing {unknown}
Comestibles
 b - 22 rations


   Skills:
 - Level 0.2 Short Blades
 - Level 2.0 Dodging
 - Level 2.6 Stealth
 - Level 8.2 Spellcasting
 - Level 11.3 Conjurations


You had 15 spell levels left.
You knew the following spells:

 Your Spells              Type           Power        Failure   Level
a - Magic Dart            Conj           ####         1%          1
b - Searing Ray           Conj           ######       1%          2
c - Iskenderun's Mystic   Conj/Tloc      #####...     2%          4
d - Tukima's Dance        Hex            #.......     8%          3

Your spell library contained the following spells:

 Spells                   Type           Power        Failure   Level
 Dazzling Flash           Conj/Hex       #####.       1%          3
 Corona                   Hex            #......      2%          1
 Fulminant Prism          Conj/Hex       #####.....   2%          4
 Ensorcelled Hibernation  Hex/Ice        #.....       4%          2
 Confusing Touch          Hex            #.......     8%          3


Dungeon Overview and Level Annotations

Branches:
Dungeon (9/15)             Temple (1/1) D:7           Sewer (visited)
   Lair: D:8-11         Orc: D:9-12

Altars:
Ashenzari
Cheibriados
Dithmenos
Elyvilon
Fedhas
Hepliaklqana
Makhleb
Nemelex Xobeh
Okawaru
Ru
Sif Muna
Uskayaw
Vehumet
Wu Jian
Xom
Yredelemnul
The Shining One

Shops:
D:7 (   D:8 (   D:9 ?}

Annotations:
D:4 2 transporters, Esekla's ghost, amateur FoVM
D:8 1 runed translucent door, Glokmah's ghost, novice DrAE
D:9 Maurice


Innate Abilities, Weirdness & Mutations

You cannot wear most types of armour.
You are very stealthy in the water. (Stealth+)
You are amphibious.
You can wear up to eight rings at the same time.
You can use your tentacles to constrict eight enemies at once.
Your skin changes colour to match your surroundings (Stealth+).
Your rubbery body absorbs attacks. (AC +1, EV +1)


Message History

The two-headed ogre hits you!
* * * LOW HITPOINT WARNING * * *
The two-headed ogre completely misses you.
Unknown command.
The searing ray misses the two-headed ogre.
You finish channeling your searing ray.
The two-headed ogre misses you. x2
Unknown command.
Unknown command.
Unknown command.
Casting: Searing Ray (safe; 1% risk of failure)
Confirm with . or Enter, or press ? or * to list all spells.
Aiming: Searing Ray (safe; 1% risk of failure)
Press: ? - help, Shift-Dir - straight line, f/p - two-headed ogre
Aim: a two-headed ogre (heavily wounded)
The searing ray hits the two-headed ogre!
The two-headed ogre is severely wounded. (Press . to maintain the ray.)
Your +0 giant club barely misses the two-headed ogre.
The two-headed ogre hits you!
You die...

####### #.[....
##..... #####
###### #...# #
#...# ####
#>.<###########...
#................†
#@O..#####.....##.
#..(.......#######
##.....#.### ##
#.###.#...# #.
#F###F###.######.
#.##[F###......#.
#......#######>..
#...^...## ##..
#..^_^...#### #.#


You could see a two-headed ogre, a bullfrog and a friendly +0 giant club.

Vanquished Creatures
  An ice beast (D:6)
  6 ogres
  2 phantoms
  2 sky beasts (D:7)
  2 orc warriors
  A centaur (D:8)
  4 big kobolds
  3 bullfrogs
  A scorpion (D:6)
  3 howler monkeys
  A bullfrog skeleton (D:8)
  4 hounds
  6 orc priests
  A jelly (D:5)
  10 orc wizards
  4 iguanas
  12 worker ants
  A hound skeleton (D:6)
  A mummy (D:5)
  11 gnolls
  2 river rats (Sewer)
  11 adders
  A howler monkey skeleton (D:6)
  A shadow imp (D:5)
  A white imp (D:7)
  An ufetubus (D:5)
  3 oozes
  2 adder zombies
  An adder skeleton (D:4)
  A worm (D:4)
  2 dart slugs
  12 leopard geckos
  27 orcs
  6 giant cockroaches
  7 hobgoblins
  9 jackals
  4 quokkas
  7 ball pythons
  3 bats
  6 frilled lizards
  6 goblins
  2 hobgoblin zombies (D:5)
  A jackal skeleton (D:4)
  20 kobolds
  2 kobold zombies (D:5)
  A quokka skeleton (D:6)
  A quokka zombie (D:6)
  31 rats
247 creatures vanquished.

Notes
Turn   | Place    | Note
-------+----------+-------------------------------------------
     0 | D:1      | gruber the Octopode Conjurer began the quest for the Orb.
     0 | D:1      | Reached XP level 1. HP: 11/11 MP: 3/3
   280 | D:1      | Reached XP level 2. HP: 6/17 MP: 1/5
   338 | D:1      | Learned a level 2 spell: Searing Ray
   973 | D:1      | Reached XP level 3. HP: 16/21 MP: 6/6
  1358 | D:2      | Reached skill level 5 in Conjurations
  1933 | D:2      | Reached XP level 4. HP: 19/27 MP: 3/7
  2184 | D:2      | Learned a level 4 spell: Iskenderun's Mystic Blast
  2579 | D:3      | Found a blossoming altar of Fedhas.
  2889 | D:3      | Reached skill level 6 in Conjurations
  3018 | D:3      | Reached XP level 5. HP: 23/31 MP: 3/8
  3337 | D:3      | Found a snail-covered altar of Cheibriados.
  3356 | D:3      | Found a shattered altar of Ashenzari.
  3743 | D:4      | Found a sparkling altar of Nemelex Xobeh.
  3781 | D:4      | Reached skill level 7 in Conjurations
  3781 | D:4      | Reached XP level 6. HP: 7/36 MP: 3/9
  3866 | D:4      | Found a transporter.
  3916 | D:4      | Found a transporter.
  3916 | D:4      | Noticed Esekla's ghost (amateur FoVM)
  4011 | D:4      | Found a shadowy altar of Dithmenos.
  4036 | D:4      | Found a glowing drain.
  4152 | Sewer    | Entered a sewer
  4799 | Sewer    | HP: 1/36 [kobold/+0 club (1)]
  5166 | Sewer    | Reached XP level 7. HP: 41/41 MP: 8/11
  6202 | D:4      | Reached skill level 5 in Spellcasting
  6706 | D:5      | Entered Level 5 of the Dungeon
  6752 | D:5      | Reached XP level 8. HP: 32/46 MP: 4/16
  7900 | D:5      | Found a sparkling altar of Nemelex Xobeh.
  8058 | D:5      | Found a burning altar of Makhleb.
  8529 | D:6      | Found the macabre finger necklace {rN+}
  8941 | D:6      | Reached skill level 8 in Conjurations
  8941 | D:6      | Reached XP level 9. HP: 46/51 MP: 16/21
  9221 | D:6      | Reached skill level 9 in Conjurations
  9590 | D:7      | Found a sparkling altar of Nemelex Xobeh.
  9608 | D:7      | Found a hazy altar of Hepliaklqana.
  9759 | D:7      | Found a staircase to the Ecumenical Temple.
 10375 | D:7      | Found Immaici's Weapon Shoppe.
 10395 | D:7      | Reached skill level 10 in Conjurations
 11188 | Temple   | Entered the Ecumenical Temple
 11211 | Temple   | Became a worshipper of Vehumet
 11489 | D:8      | Reached skill level 11 in Conjurations
 11717 | D:8      | Found a runed translucent door.
 11747 | D:8      | Found Wuacen's Weapon Boutique.
 11758 | D:8      | Reached XP level 10. HP: 56/56 MP: 18/22
 11785 | D:8      | Found a sacrificial altar of Ru.
 11792 | D:8      | Found a sparkling altar of Nemelex Xobeh.
 11926 | D:8      | Found a shimmering altar of Xom.
 12026 | D:8      | Noticed Glokmah's ghost (novice DrAE)
 12071 | D:9      | Found Lauhod Qiny's Gadget Emporium.
 12080 | D:9      | Noticed Maurice
 12086 | D:9      | Learned a level 3 spell: Tukima's Dance
 12121 | D:9      | Found Oseaj's Magic Scroll Emporium.
 12121 | D:9      | Noticed a two-headed ogre
 12145 | D:8      | Mangled by a two-headed ogre

Illustrated notes

Levels and vault maps discovered:
D:1:      ncdulo_halloftheorcs, layout_basic, minmay_small_reverse_x
D:2:      layout_basic, first_ration
D:3:      layout_rooms, ashenzari_conservatory_becter, marbit_many_paths,
          kennysheep_slug_shrine
D:4:      layout_loops_cross, kennysheep_little_box, gup_sewer_entry_pipe,
          gammafunk_ghost_arena, dk_noncrumbling_3,
          nicolae_dithmenos_the_darkroom
D:5:      layout_rooms, makhleb_grotto_becter, basic_altar, minmay_mini_ossuary
D:6:      layout_rooms
D:7:      layout_basic, old_standard_altar, temple_doors_e, serial_shops, shop,
          basic_altar
D:8:      layout_rooms, xom_teletrap_fun, basic_altar, serial_shops,
          nicolae_shop_crystal, ebering_ghost_inner_flame, blue_anna_alchemist
          [blue_anna_fruit_fields, blue_anna_fruit_fields],
          nemelex_xobeh_ov_fountains_minmay
D:9:      layout_small_grid, dpeg_oklobed_lair, serial_shops, shop_fountains,
          shop, shop, chequers_serial_rivers_micro_c, uniq_maurice, uniq_maggie,
          uniq_erolcha
Temple:   regret_index_temple_waves

Skill      XL: |  1  2  3  4  5  6  7  8  9 |
---------------+----------------------------+-----
Conjurations   | 5 6 7 8 11 | 11.3
Spellcasting   | 3 5 8 |  8.2
Short Blades   | |  0.2
Dodging        | |  2.0
Stealth        | |  2.6

Action                   |  1- 3 |  4- 6 |  7- 9 | 10-12 || total
-------------------------+-------+-------+-------+-------++-------
Melee: Unarmed           |    25 |       |       |       ||    25
       Tentacles         |     6 |       |    14 |       ||    20
       Constrict         |     4 |       |    17 |       ||    21
       Dagger            |       |       |    90 |     1 ||    91
 Fire: Hunting sling     |    50 |   175 |   131 |       ||   356
 Cast: Magic Dart        |    33 |    46 |    37 |       ||   116
       Searing Ray       |       |    15 |    69 |     4 ||    88
       Iskenderun's Myst |       |     2 |       |       ||     2
       Tukima's Dance    |       |       |       |     6 ||     6
Evoke: Wand              |       |     2 |       |       ||     2
  Use: Scroll            |       |       |     6 |     1 ||     7
 Stab: Sleeping          |     2 |       |     6 |     1 ||     9
  Eat: Ration            |     1 |     3 |     6 |       ||    10
Armor: Skin              |     4 |    10 |     6 |       ||    20
Dodge: Dodged            |    37 |   107 |   131 |    16 ||   291

Table legend:
 A = Non-vault XP
 B = Vault XP
 C = Vault XP percentage of total XP
 D = Non-vault monster count
 E = Vault monster count
 F = Vault count percentage of total count
                 A         B        C        D         E       F
            +---------+---------+-------+---------+---------+-------
      Total |    4189 |     559 |  11.8 |     180 |      67 |  27.1
            +---------+---------+-------+---------+---------+-------
        D:1 |      32 |       6 |  15.8 |      13 |       4 |  23.5
        D:2 |      72 |       0 |   0.0 |      22 |       0 |   0.0
        D:3 |     141 |       5 |   3.4 |      25 |       2 |   7.4
        D:4 |     440 |      15 |   3.3 |      21 |       6 |  22.2
        D:5 |     677 |      33 |   4.6 |      27 |       6 |  18.2
        D:6 |    1046 |       0 |   0.0 |      30 |       0 |   0.0
        D:7 |    1061 |       0 |   0.0 |      29 |       0 |   0.0
        D:8 |     720 |      91 |  11.2 |      13 |       1 |   7.1
      Sewer |       0 |     409 | 100.0 |       0 |      48 | 100.0
            +---------+---------+-------+---------+---------+-------
